 Dungeon Crawl Stone Soup version 0.30.0-11-gf55b779eaf (webtiles) character file.

Game seed: 1146474252949257103

47 AlmostDecent the Digger (level 3, 0/19 HPs)
             Began as a Gargoyle Earth Elementalist on May 16, 2023.
             Slain by a black bear (1 damage)
             ... on level 3 of the Dungeon.
             The game lasted 00:05:32 (2072 turns).

AlmostDecent the Digger (GrEE)                      Turns: 2072, Time: 00:05:33

Health: 0/19       AC:  6    Str: 11    XL:     3   Next: 70%
Magic:  2/7        EV: 11    Int: 17    God:
Gold:   122        SH:  0    Dex: 10    Spells: 4/8 levels left

rFire   . . .        (no weapon)
rCold   . . .        (no shield)
rNeg    + . .        a - +0 robe
rPois   ∞            (no helmet)
rElec   +            (no cloak)
rCorr   .            i - +0 pair of gloves
SInv    .            (no boots)
Will    .....        (no amulet)
Stlth   ++           (no ring)
HPRegen 0.23/turn    (no ring)
MPRegen 0.10/turn

%: no passive effects
@: very slightly contaminated
A: sickness immunity, AC +3, negative energy resistance 1, electricity
resistance, torment resistance 1, petrification resistance
a: no special abilities


You were on level 3 of the Dungeon.
You visited 1 branch of the dungeon, and saw 3 of its levels.

You collected 122 gold pieces.

Inventory:

Hand Weapons
 d - a +0 club
Armour
 a - a +0 robe (worn)
 i - a +0 pair of gloves (worn)
Scrolls
 c - a scroll of amnesia {unknown}
 f - a scroll of identify {unknown}
 g - 2 scrolls of teleportation {unknown}
 h - a scroll of blinking {unknown}
Potions
 b - 2 potions of magic
 e - a potion of heal wounds {unknown}


   Skills:
 + Level 1.5 Dodging
 + Level 2.2 Stealth
 + Level 3.0 Spellcasting
 + Level 0.7 Transmutations
 + Level 4.5 Earth Magic


You had 4 spell levels left.
You knew the following spells:

 Your Spells              Type           Power      Damage    Failure   Level
a - Sandblast             Erth           36%        2d10      2%          1
b - Stone Arrow           Conj/Erth      20%        3d8       21%         3

Your spell library contained the following spells:

 Spells                   Type           Power      Damage    Failure   Level
 Passwall                 Tmut/Erth      9%         N/A       9%          2
 Petrify                  Tmut/Erth      11%        N/A       52%         4


Dungeon Overview and Level Annotations

Branches:
Dungeon (3/15)

Altars:


Innate Abilities, Weirdness & Mutations

You are immune to sickness and miasma.
Your stone body is resilient. (AC +3)
You are immune to poison.
You resist negative energy. (rN+)
You are resistant to electric shocks. (rElec)
You are resistant to unholy torment.
You are immune to petrification.


Message History

You kill the hobgoblin!
Found a chain mail.
You see here a +0 chain mail.
Found a stone staircase leading up.
You see here a +0 chain mail.
Found a stone staircase leading up.
Done exploring.
There is a stone staircase leading down here.
You climb downwards.
There is a stone staircase leading up here.
Found a stone staircase leading down.
A black bear and a kobold come into view.
The blast of sand hits the black bear!
The black bear is heavily wounded.
The black bear growls angrily.
The kobold shouts!
The blast of sand hits the black bear.
The black bear is severely wounded.
The black bear goes berserk!
You hear a shout!
The blast of sand misses the black bear.
A kobold comes into view.
It is wielding a +0 club and quivering poisoned darts.
The black bear bites you but does no damage.
The black bear claws you but does no damage.
The black bear completely misses you.
You miscast Sandblast.
You are very lightly contaminated with residual magic.
Nothing appears to happen.
The black bear bites you!
Ouch! That really hurt!
The black bear barely misses you.
The black bear claws you but does no damage.
You are too injured to fight recklessly!
Aiming: Sandblast (safe; 2% risk of failure)
Press: ? - help, Q - select action Shift-Dir - straight line, f/p - black bear
Aim: a black bear (severely wounded, berserk, 87% to hit)
The blast of sand hits the black bear!
The black bear is almost dead.
The black bear bites you!
* * * LOW HITPOINT WARNING * * *
The black bear barely misses you. The black bear claws you.
You die...

##+## ##...##
##.<...##
###.......#
#.@........#
#.h##.......+
#8.K #.......#
..K.. .......##
.....>.
......##
####8..8##...##
##.. #+## ..#


You could see a black bear (berserk) and 2 kobolds.

Vanquished Creatures
  An adder (D:2)
  A dart slug (D:1)
  2 endoplasms (D:1)
  3 giant cockroaches (D:2)
  2 goblins (D:1)
  8 hobgoblins
  2 jackals (D:1)
  3 quokkas (D:1)
  A ball python (D:1)
  A bat (D:1)
  3 frilled lizards (D:1)
  3 kobolds
  2 rats
32 creatures vanquished.

Notes
Turn   | Place    | Note
-------+----------+-------------------------------------------
     0 | D:1      | AlmostDecent the Gargoyle Earth Elementalist began the
                  | quest for the Orb.
     0 | D:1      | Reached XP level 1. HP: 10/10 MP: 3/3
   158 | D:1      | Reached skill level 4 in Earth Magic
   165 | D:1      | Reached XP level 2. HP: 15/15 MP: 1/5
   605 | D:1      | Reached XP level 3. HP: 19/19 MP: 3/6
  1223 | D:1      | Learned a level 3 spell: Stone Arrow
  2067 | D:3      | Noticed a black bear
  2072 | D:3      | Slain by a black bear

Illustrated notes

Levels and vault maps discovered:
D:1:      amcnicky_arrival_gap_in_the_tavern_cellar, layout_basic
D:2:      layout_basic, small_statue_intersection
D:3:      layout_loops_corners, serial_shops, shop, st_stairs_6, minivault_27,
          goddamned_bats, uniq_jessica, uniq_terence, uniq_grinder

Skill      XL: |  1  2  3 |
---------------+----------+-----
Earth Magic    | 4 |  4.5
Spellcasting   | 3 |  3.0
Dodging        | |  1.5
Stealth        | |  2.2
Transmutations | |  0.7

Action                     || total
---------------------------++-------
  Melee: Unarmed           ||     6
   Cast: Sandblast         ||    54
 Armour: Robe              ||    12
  Dodge: Dodged            ||    13
